 Dungeon Crawl Stone Soup version 0.30-a0-23-ge60ba3568b (webtiles) character file.

Game seed: 4456280281731383860

644 Charly the Grasshopper (level 7, -5/52 HPs)
             Began as a Demonspawn Warper on Aug 24, 2022.
             Slain by a hornet (7 damage)
             ... while paralysed by a hornet
             ... on level 4 of the Dungeon.
             The game lasted 00:20:46 (5122 turns).

Charly the Grasshopper (Demonspawn Warper)          Turns: 5122, Time: 00:20:47

Health: -5/52      AC:  8    Str: 14    XL:     7   Next: 26%
Magic:  10/10      EV:  2    Int: 14    God:
Gold:   204        SH:  0    Dex: 12    Spells: 8/10 levels left

rFire   . . .      SeeInvis .    a - +3 trident (protect)
rCold   . . .      Faith    .    e - orb {light}
rNeg    . . .      Spirit   .    n - +0 leather armour
rPois   .          Reflect  .    B - +0 helmet
rElec   .          Harm     .    o - +1 cloak
rCorr   +          Rampage  .    (no gloves)
Will    .....                    (boots unavailable)
Stlth   +.........               k - amulet of regeneration
HPRegen 0.97/turn                C - ring of resist corrosion
MPRegen 0.12/turn                (no ring)

@: paralysed, slowed, glowing
A: hooves 3, yellow scales 1
a: no special abilities


You were on level 4 of the Dungeon.
You visited 1 branch of the dungeon, and saw 4 of its levels.
You also visited: Sewer.

You collected 204 gold pieces.

Inventory:

Hand Weapons
 a - a +3 trident of protection (weapon)
 b - the +1 sling of Xupraon {venom, rElec rC+ Int-4 Dex+5}
   (You found it on level 4 of the Dungeon)

   Any ammunition fired from it poisons the flesh of those it strikes.
   Int:       It affects your intelligence (-4).
   Dex:       It affects your dexterity (+5).
   rC:        It protects you from cold.
   rElec:     It insulates you from electricity.
 u - a +2 whip of venom
 D - a +4 double sword of holy wrath
Missiles
 j - a boomerang of dispersal
 y - 2 boomerangs
Armour
 e - an orb of light (worn)
 n - a +0 leather armour (worn)
 o - a +1 cloak (worn)
 x - a +0 kite shield
 B - a +0 helmet (worn)
Jewellery
 c - a ring of ice
 k - an amulet of regeneration (around neck)
 C - a ring of resist corrosion (left hand)
Wands
 g - a wand of flame (16)
 v - a wand of light (4)
Scrolls
 h - 4 scrolls of blinking
 p - a scroll of immolation {unknown}
 q - 2 scrolls of teleportation
 r - 3 scrolls of fog
 s - a scroll of summoning {unknown}
Potions
 d - 2 potions of might
 f - a potion of berserk rage {unknown}
 i - 2 potions of heal wounds {unknown}
 l - 2 potions of attraction {unknown}
 m - a potion of resistance {unknown}
 t - 6 potions of curing {unknown}
 w - a potion of lignification {unknown}
 z - a potion of mutation {unknown}
 A - a potion of magic {unknown}


   Skills:
 - Level 3.0 Fighting
 - Level 1.7 Short Blades
 - Level 4.0 Maces & Flails
 - Level 0.8 Throwing
 - Level 0.8 Armour
 - Level 1.7 Dodging
 - Level 2.0 Stealth
 - Level 2.0 Spellcasting
 + Level 4.9 Translocations
 + Level 2.8 Evocations


You had 8 spell levels left.
You knew the following spells:

 Your Spells              Type           Power      Damage    Failure   Level
b - Blink                 Tloc           30%        N/A       6%          2

Your spell library contained the following spells:

 Spells                   Type           Power      Damage    Failure   Level
 Gell's Gravitas          Tloc           15%        N/A       12%         3
 Lesser Beckoning         Tloc           15%        N/A       12%         3
 Teleport Other           Tloc           15%        N/A       12%         3
 Foxfire                  Conj/Fire      4%         2x1d4     28%         1
 Portal Projectile        Hex/Tloc       16%        N/A       32%         3
 Call Canine Familiar     Summ           1%         N/A       65%         3
 Conjure Flame            Conj/Fire      1%         6-21      65%         3
 Inner Flame              Hex/Fire       1%         N/A       65%         3
 Manifold Assault         Tloc           15%        N/A       73%         5
 Flame Wave               Conj/Fire      1%         2d4       96%         4
 Leda's Liquefaction      Hex/Erth       0%         N/A       96%         4


Dungeon Overview and Level Annotations

Branches:
Dungeon (4/15)              Sewer (visited)
 Temple: D:4-7

Altars:
Trog

Annotations:
D:4 5 runed translucent doors, Crazy Yiuf


Innate Abilities, Weirdness & Mutations

You have hooves in place of feet.
You are partially covered in yellow scales. (AC +2)


Message History

The hornet is severely wounded.
The hornet closely misses you.
The hornet stings you but does no damage.
You hit the hornet.
The hornet is severely wounded.
The hornet stings you!
You are poisoned.
You feel yourself slow down.
The hornet stings you but does no damage.
You puncture the hornet! You kick the hornet, but do no damage.
The hornet is almost dead.
You feel very sick. The hornet closely misses you.
The hornet barely misses you. The hornet stings you!
You feel as though you will be slow longer.
You strike the helpless hornet from behind!
You hit the hornet.
The hornet is almost dead.
You feel sick. The hornet stings you.
You feel as though you will be slow longer.
The hornet stings you but does no damage.
The hornet closely misses you.
You closely miss the hornet. You kick the hornet, but do no damage.
The hornet is almost dead.
You feel sick. The hornet closely misses you. The hornet stings you!
* * * LOW HITPOINT WARNING * * *
You feel as though you will be slow longer.
The hornet stings you but does no damage.
You barely miss the hornet. Your kick misses the hornet.
The hornet is almost dead.
You feel sick.
You are no longer poisoned.
The hornet is no longer blind.
The hornet stings you.
* * * LOW HITPOINT WARNING * * *
You suddenly lose the ability to move!
The hornet stings you.
* * * LOW HITPOINT WARNING * * *
You shrug off the repeated paralysis!
The hornet stings you but does no damage.
The hornet stings you!
You die...

#..# #....... #..# ###.....
##..# #..##. ##...# #..##.
###..#.# #..##.
###...##.#######.....
##....................
#..######..#######..##
##########.##.@y.##..######..##
#........#.#.####.#...........#
#.#........##†#,,,#.#######...#
#...##++##.†.##,*,#.# #...#
#..##8SD8#####,**,#.# #...#
#..#8....8# *,,*,##.# #....
#..#|....(# *****#..# ##...
#..#}....)# ######..# #.##
#..#8....8# #....##.# #.#


You could see a hornet.

Vanquished Creatures
  A phantom (D:2)
  A kobold brigand (D:4)
  A scorpion (D:4)
  4 jellies
  2 orc priests
  Ijyb (D:3)
  3 gnolls (D:4)
  3 adders
  4 river rats
  An ufetubus (D:4)
  4 worms
  A dart slug (D:3)
  11 orcs
  5 bats
  9 endoplasms
  9 giant cockroaches
  14 goblins
  6 hobgoblins
  7 jackals
  3 quokkas
  11 ball pythons
  6 frilled lizards
  7 kobolds
  19 rats
133 creatures vanquished.

Notes
Turn   | Place    | Note
-------+----------+-------------------------------------------
     0 | D:1      | Charly the Demonspawn Warper began the quest for the Orb.
     0 | D:1      | Reached XP level 1. HP: 16/16 MP: 3/3
   496 | D:1      | Reached skill level 1 in Stealth
   711 | D:1      | Gained mutation: You have large cloven feet. [demonic
                  | ancestry]
   711 | D:1      | Reached XP level 2. HP: 22/22 MP: 5/5
  1126 | D:1      | Learned a level 2 spell: Blink
  1502 | D:1      | Gained mutation: You are partially covered in yellow
                  | scales. (AC +2) [demonic ancestry]
  1502 | D:1      | Reached XP level 3. HP: 28/28 MP: 6/6
  1795 | D:2      | Noticed a phantom
  2713 | D:3      | Found a faded altar of an unknown god.
  2907 | D:3      | Reached skill level 1 in Maces & Flails
  2917 | D:3      | Reached XP level 4. HP: 35/35 MP: 7/7
  3161 | D:3      | Found a bloodstained altar of Trog.
  3205 | D:3      | Noticed a black bear
  3328 | D:2      | Killed a phantom
  3329 | D:2      | Gained mutation: You have hoof-like feet. [demonic
                  | ancestry]
  3329 | D:2      | Reached XP level 5. HP: 41/41 MP: 8/8
  3407 | D:3      | Noticed Ijyb
  4022 | D:3      | Killed Ijyb
  4195 | D:4      | Reached XP level 6. HP: 47/47 MP: 9/9
  4251 | D:4      | Identified the +1 sling of Xupraon {venom, rElec rC+ Int-4
                  | Dex+5}
  4319 | D:4      | Found a glowing drain.
  4351 | Sewer    | Entered a sewer
  4457 | Sewer    | Reached skill level 1 in Evocations
  4511 | Sewer    | Found a viscous altar of Jiyva.
  4723 | D:4      | Found a runed translucent door.
  4724 | D:4      | Noticed Crazy Yiuf
  4907 | D:4      | Found a large runed translucent door.
  4907 | D:4      | Found a large runed translucent door.
  4910 | D:4      | Noticed a steam dragon
  4919 | D:4      | Found a large runed translucent door.
  4919 | D:4      | Found a large runed translucent door.
  4974 | D:4      | Gained mutation: You have hooves in place of feet. [demonic
                  | ancestry]
  4974 | D:4      | Reached XP level 7. HP: 50/52 MP: 10/10
  5113 | D:4      | Noticed a hornet
  5121 | D:4      | Paralysed by a hornet for 2 turns
  5121 | D:4      | HP: 1/52 [hornet (4)]
  5122 | D:4      | Slain by a hornet

Illustrated notes

Levels and vault maps discovered:
D:1:      onia_arrival_mini_maze, layout_rooms
D:2:      layout_basic
D:3:      kennysheep_goblin_castle, layout_basic, trog_antimagical,
          chequers_ecumenical_altar_simple, kennysheep_generic_room_7
D:4:      layout_loops_ring, portal_sewer_entry_e,
          minmay_hollow_rounded_squares, uniq_crazy_yiuf_cottage

Skill      XL: |  1  2  3  4  5  6 |
---------------+-------------------+-----
Stealth        | 1 2 |  2.0
Fighting       | 3 |  3.0
Translocations | 3 4 |  4.9
Maces & Flails | 1 3 4 |  4.0
Evocations     | 2 |  2.8
Short Blades   | |  1.7
Throwing       | |  0.8
Armour         | |  0.8
Dodging        | |  1.7
Spellcasting   | |  2.0

Action                   |  1- 3 |  4- 6 |  7- 9 || total
-------------------------+-------+-------+-------++-------
Melee: Short sword       |    62 |       |       ||    62
       Kick              |    25 |    22 |     4 ||    51
       Whip              |    41 |       |       ||    41
       Trident           |     4 |   105 |    13 ||   122
 Fire: Sling             |     5 |    71 |     2 ||    78
Throw: Boomerang         |     7 |       |       ||     7
Evoke: Wand              |       |     5 |     1 ||     6
  Use: Scroll            |     3 |     3 |       ||     6
       Potion            |       |     1 |       ||     1
 Stab: Invisible         |       |       |     1 ||     1
Armor: Leather armour    |    24 |    31 |     8 ||    63
Dodge: Dodged            |    40 |    71 |     9 ||   120

Table legend: (Time is in decaauts)
 A = Elapsed time spent in this place.
 B = Non-inter-level travel time spent in this place.
 C = Inter-level travel time spent in this place.
 D = Time resting spent in this place.
 E = Time spent auto-exploring this place.
 F = Levels seen in this place.
 G = Mean time per level.
                   A        B        C        D        E       F      G
               +--------+--------+--------+--------+--------+-----+--------+
         Total |   5212 |   4804 |    408 |    783 |   2490 |   5 | 1042.4 |
       Dungeon |   4948 |   4540 |    408 |    783 |   2390 |   4 | 1237.0 |
         Sewer |    263 |    263 |      0 |      0 |    100 |   1 |  263.0 |
               +--------+--------+--------+--------+--------+-----+--------+

Top non-repeatable levels by time:
     D:1: 1808 daAuts
     D:3: 1379 daAuts
     D:2: 1015 daAuts
     D:4: 745 daAuts
   Sewer: 263 daAuts
